 Dungeon Crawl Stone Soup version 0.30.1-4-g462c640d31 (webtiles) character file.

Game seed: 17644624181887381052

233 Wiggles the Chopper (level 5, -2/48 HPs)
             Began as a Minotaur Berserker on Sept 7, 2023.
             Was a Believer of Trog.
             Slain by a kobold brigand
             ... wielding a +2 whip of venom
              (7 damage)
             ... on level 3 of the Dungeon.
             The game lasted 00:03:40 (2547 turns).

Wiggles the Chopper (Minotaur Berserker)            Turns: 2547, Time: 00:03:41

Health: -2/48      AC:  5    Str: 24    XL:     5   Next: 75%
Magic:  4/4        EV: 11    Int:  4    God:    Trog [**....]
Gold:   235        SH:  3    Dex:  9    Spells: 4/4 levels left

rFire   . . .        a - +0 hand axe
rCold   . . .        i - +0 buckler
rNeg    . . .        b - +0 ring mail
rPois   .            (helmet restricted)
rElec   .            (no cloak)
rCorr   .            (no gloves)
SInv    .            (no boots)
Will    .....        (no amulet) Stlth
                     (no ring)
HPRegen 0.28/turn    (no ring)
MPRegen 0.09/turn

%: no passive effects
@: on berserk cooldown, slowed, studying Ranged Weapons, very slow
A: horns 2, retaliatory headbutt
a: Renounce Religion, Berserk, Trog's Hand


You were on level 3 of the Dungeon.
You worshipped Trog.
Trog was pleased with you.
You visited 1 branch of the dungeon, and saw 3 of its levels.

You collected 235 gold pieces.

Inventory:

Hand Weapons
 a - a +0 hand axe (weapon)
Armour
 b - a +0 ring mail (worn)
 i - a +0 buckler (worn)
Scrolls
 c - 6 scrolls of identify {unknown}
 e - 2 scrolls of enchant weapon {unknown}
 f - 2 scrolls of vulnerability {unknown}
 h - 4 scrolls of teleportation {unknown}
 l - 2 scrolls of enchant armour {unknown}
 o - a scroll of magic mapping {unknown}
 p - a scroll of brand weapon {unknown}
Potions
 d - a potion of resistance {unknown}
 g - 3 potions of heal wounds {unknown}
 j - 2 potions of might {unknown}
 k - a potion of attraction {unknown}
 m - a potion of flight {unknown}
 n - a potion of brilliance {unknown}
 q - a potion of curing {unknown}


   Skills:
 + Level 5.2 Fighting
 + Level 5.7 Axes
 + Level 3.9 Armour
 + Level 2.7 Dodging
 + Level 0.2 Stealth
 + Level 0.5 Shields


You had 4 spell levels left.
You didn't know any spells.
Your spell library was empty.

Dungeon Overview and Level Annotations

Branches:
Dungeon (3/15)

Altars:
Nemelex Xobeh


Innate Abilities, Weirdness & Mutations

You have a pair of horns on your head.
You reflexively headbutt those who attack you in melee.


Message History

You are no longer berserk.
You are exhausted.
You feel yourself slow down.
You feel sick.
ChiefBigBeans's ghost barely misses you.
You feel sick. The kobold brigand closely misses you.
You hit ChiefBigBeans's ghost but do no damage.
ChiefBigBeans's ghost is heavily damaged.
You closely miss the kobold brigand.
You feel sick. The kobold brigand closely misses you.
ChiefBigBeans's ghost hits you. The kobold hits you but does no damage.
ChiefBigBeans's ghost hits you!
You hit ChiefBigBeans's ghost.
ChiefBigBeans's ghost is severely damaged.
You hit the kobold. You hit the kobold brigand. You hit the kobold.
You kill the kobold!
Trog accepts your kill.
You feel sick.
You are no longer poisoned.
The kobold brigand hits you with a +2 whip of venom.
ChiefBigBeans's ghost closely misses you.
You furiously retaliate!
You headbutt ChiefBigBeans's ghost!
You destroy ChiefBigBeans's ghost!
Trog accepts your kill.
The kobold hits you with a +1 short sword of distortion.
Space warps around you.
* * * LOW HITPOINT WARNING * * *
The kobold completely misses you. The kobold brigand barely misses you.
The kobold hits you with a +1 short sword of distortion.
* * * LOW HITPOINT WARNING * * *
The kobold hits you but does no damage.
You slash the kobold!
You kill the kobold!
Trog accepts your kill.
You hit the kobold but do no damage. You barely miss the kobold.
You hit the kobold brigand.
The kobold hits you with a +1 short sword of distortion.
* * * LOW HITPOINT WARNING * * *
Space warps around you.
* * * LOW HITPOINT WARNING * * *
The kobold brigand hits you with a +2 whip of venom!
You die...

#.## ##.###.......#.#
#.# #.##..........##
#.## ##..+............
#..##
##.###.........###
#.#.###..# ##.......##
#........# ##.....##
#####.#### ##...##
##.#### ##'##
##...@K##### #.#
#...K)K....# #.#######
#..##')'##.###........
#.##)....####...#####.
#.#.#...#.#.<....####.
#.#⌠.#.#.⌠##..........
#.#.#...#.#.##.######.
##.....#####........
#.).## #.#######


You could see a kobold brigand and 2 kobolds.

Vanquished Creatures
  The ghost of ChiefBigBeans the Magician, an amateur DjIE of Ashenzari (D:3)
  2 orc priests (D:3)
  An orc wizard (D:3)
  An adder (D:2)
  A gnoll (D:1)
  A worm (D:2)
  3 dart slugs
  An orc (D:3)
  3 ball pythons
  6 bats
  5 endoplasms
  3 giant cockroaches
  A goblin (D:1)
  5 hobgoblins
  9 kobolds
  2 quokkas
  2 frilled lizards (D:1)
  3 rats
50 creatures vanquished.

Notes
Turn   | Place    | Note
-------+----------+-------------------------------------------
     0 | D:1      | Wiggles the Minotaur Berserker began the quest for the Orb.
     0 | D:1      | Reached XP level 1. HP: 19/19 MP: 0/0
   117 | D:1      | Reached XP level 2. HP: 23/27 MP: 1/1
   330 | D:1      | Reached XP level 3. HP: 32/33 MP: 2/2
   473 | D:1      | Found a faded altar of an unknown god.
  1079 | D:2      | Reached ** piety under Trog
  1339 | D:2      | Found a sparkling altar of Nemelex Xobeh.
  1897 | D:3      | Reached XP level 4. HP: 41/41 MP: 3/3
  1901 | D:3      | Reached skill level 5 in Axes
  1904 | D:3      | Reached skill level 5 in Fighting
  1904 | D:3      | Reached XP level 5. HP: 48/48 MP: 4/4
  2008 | D:3      | Noticed a water moccasin
  2505 | D:3      | Found a runed translucent gate.
  2505 | D:3      | Noticed ChiefBigBeans's ghost (amateur DjIE)
  2506 | D:3      | Found a runed translucent gate.
  2524 | D:3      | Found a runed translucent gate.
  2546 | D:3      | Killed ChiefBigBeans's ghost
  2547 | D:3      | Slain by a kobold brigand

Illustrated notes

Levels and vault maps discovered:
D:1:      erik_arrival_orb_chamber, layout_loops_ring,
          shapermc_ecumenical_altar_totnotflames
D:2:      layout_basic, basic_altar, fountainhead, kennysheep_generic_room_15
D:3:      layout_loops_corners, gammafunk_ghost_nasty_kobolds,
          lightli_corner_chamber

Skill      XL: |  1  2  3  4 |
---------------+-------------+-----
Axes           | 4 5 |  5.7
Fighting       | 4 5 |  5.2
Armour         | 3 |  3.9
Dodging        | |  2.7
Stealth        | |  0.2
Shields        | |  0.5

Action                     |  1- 3 |  4- 6 || total
---------------------------+-------+-------++-------
  Melee: Hand axe          |    83 |    18 ||   101
         Headbutt          |     7 |     4 ||    11
 Invoke: Berserk           |     1 |     1 ||     2
 Armour: Ring mail         |    34 |     7 ||    41
  Dodge: Dodged            |    53 |    12 ||    65
  Block: Buckler           |     7 |     1 ||     8
